Map: Oceanborn LE

Players

Wefuxaas - Winner!

  • Race: Terran Terran
  • League: Master
  • Spawn Location: 11:00

ИИ 1 (новичок)

  • Race: Protoss Protoss
  • Spawn Location: 5:00

VOD

Have the link to the VOD?

Description

Time

  • Played on: Aug. 25, 2024, 12:45 p.m.
  • Length: 5:23
Show
View Real Time Build Order
Export as new Build Order

Wefuxaas Terran - Winner!

Build Orders: 1/1/1, Liberator Opening 

Get SALT Encoding   

  12  0:00  SCV  
  13  0:12  SCV  
  14  0:17  Supply Depot  
  14  0:24  SCV  
  15  0:41  Barracks  
  16  0:45  SCV, Refinery  
  16  0:53  Refinery  
  16  0:57  SCV  
  17  1:07  Supply Depot  
  17  1:09  SCV  
  18  1:22  SCV  
  19  1:28  Marine  
  20  1:34  Orbital Command  
  20  1:44  Factory  
  20  1:52  Barracks Reactor  
  20  2:00  SCV  
  21  2:12  SCV  
  22  2:26  SCV  
  22  2:27  Widow Mine  
  22  2:28  Starport  
  25  2:30  Marine x2  
  25  2:34  Supply Depot  
  27  2:39  SCV  
  28  2:49  Widow Mine, Marine  
  31  2:55  Marine  
  31  2:56  SCV  
  31  2:58  Supply Depot  
  33  3:04  Medivac  
  35  3:08  Marine  
  35  3:10  Factory Tech Lab  
  36  3:13  Marine  
  37  3:22  SCV  
  38  3:29  Siege Tank, Supply Depot  
  38  3:30  Marine  
  38  3:32  Marine  
  43  3:34  SCV  
  44  3:46  Liberator  
  47  3:50  Marine  
  47  3:51  Marine  
  47  3:53  SCV  
  50  3:56  Supply Depot  
  50  3:59  Supply Depot  
  50  4:05  Siege Tank  
  53  4:14  Marine x2  
  55  4:17  SCV  
  56  4:37  Marine x2  
  56  4:38  Liberator  
  59  4:46  Siege Tank  
  59  4:50  SCV  
Show
View Real Time Build Order
Export as new Build Order

ИИ 1 (новичок) Protoss 

Build Orders:  

Get SALT Encoding   

  12  0:00  Probe  
  13  0:13  Probe  
  14  0:19  Pylon  
  14  0:36  Assimilator  
  14  0:42  Gateway  
  14  0:45  Pylon  
  14  1:13  Assimilator  
  14  1:16  Probe  
  14  1:24  Probe  
  16  1:33  Probe  
  16  1:34  Cybernetics Core  
  17  1:43  Probe  
  18  1:55  Probe  
  18  2:00  Warp Gate  
  19  2:03  Probe  
  20  2:10  Stalker  
  22  4:10  Probe  
  22  4:28  Probe  
  15  4:40  Probe  
  16  4:51  Stalker  
  16  4:52  Probe  
  17  5:04  Probe  
  7  5:20  Zealot  
Tags
 
Add a new tag
Caveats
  • Supply blocks, unpowered buildings, or Contaminate may cause inaccurate times.
  • Supply counts are checked every 10 seconds.